 Dungeon Crawl Stone Soup version 0.17-a0-1020-ge683cc4 (console) character file.

9 Monkaria the Skirmisher (level 2, 0/24 HPs)
             Began as a Demonspawn Chaos Knight on May 14, 2015.
             Slain by a boggart (2 damage)
             ... on level 1 of the Dungeon.
             The game lasted 00:00:39 (246 turns).

Monkaria the Skirmisher (Demonspawn Chaos Knight)    Turns: 246, Time: 00:00:39

Health: 0/24       AC:  8    Str: 12    XL:     2   Next: 3%
Magic:  2/2        EV: 16    Int: 13    God:    Xom [......]
Gold:   18         SH:  2    Dex: 17    Spells: 0 memorised, 1 level left

rFire  . . .     SeeInvis .     a - +0 falchion (chaos)
rCold  . . .     Clarity  .     b - +2 leather armour
rNeg   . . .     SustAb   .     (no shield)
rPois  .         Gourm    .     g - +0 helmet
rElec  .         Spirit   .     (no cloak)
rCorr  .         Warding  .     (no gloves)
rMut   .         Stasis   .     (no boots)
MR     .....                    (no amulet)
Stlth  ++........               (no ring)
                                (no ring)

@: agile, not resistant to hostile enchantments, unstealthy
A: large bone plates 1
a: Renounce Religion


You were on level 1 of the Dungeon.
You worshipped Xom.
You were a very special plaything of Xom.
You were not hungry.

You visited 1 branch of the dungeon, and saw 1 of its levels.

You collected 18 gold pieces.

Inventory:

Hand weapons
 a - a +0 falchion of chaos (weapon)
Armour
 b - a +2 leather armour (worn)
 g - a +0 helmet (worn)
Jewellery
 e - an uncursed ring of ice
Scrolls
 d - 3 scrolls of remove curse {unknown}
 f - a scroll of magic mapping {unknown}
 h - a scroll of recharging {unknown}
Comestibles
 c - a bread ration
 j - a beef jerky


   Skills:
 + Level 3.6 Fighting
 - Level 2.6 Long Blades
 - Level 1.7 Armour
 - Level 0.8 Dodging


You had one spell level left.
You didn't know any spells.

Dungeon Overview and Level Annotations

Branches:
Dungeon (1/15)

Altars:


Innate Abilities, Weirdness & Mutations

You are partially covered in large bone plates (AC +2, SH +2).


Message History

It was a potion of agility.
You feel agile all of a sudden.
Xom thinks this is hilarious!
You block the hobgoblin's attack.
You hit the hobgoblin but do no damage.
The hobgoblin is poisoned.
The hobgoblin is heavily wounded.
You hear some strange, mumbled words.
The hobgoblin hits you but does no damage.
You closely miss the hobgoblin.
The hobgoblin is heavily wounded.
The hobgoblin misses you.
You hit the hobgoblin.
You kill the hobgoblin!
The hobgoblin's corpse dissolves into shadows!
Something hits you but does no damage.
You hit something. You freeze something. Something hits you.
* * * LOW HITPOINT WARNING * * *
You hit something. Something hits you.
You die... "I guess I need a new plaything now."

* ,, #.......#.# , *
#.###.###.# * * #.#
#.....# ,* #.#
####### * * #.# ,*
#.# * * * #.#
#.######(#########.#
#......(..gl.@.....#
###....>.###########
#.###### # * ,* *,*
* * ** * , , ,,,


You could see a hobgoblin and a giant newt.

Vanquished Creatures
  A bat (D:1)
  3 goblins (D:1)
  3 hobgoblins (D:1)
  A giant cockroach (D:1)
  2 kobolds (D:1)
  2 rats (D:1)
12 creatures vanquished.

Notes
Turn   | Place    | Note
--------------------------------------------------------------
     0 | D:1      | Monkaria the Demonspawn Chaos Knight began the quest for the Orb.
     0 | D:1      | Reached XP level 1. HP: 18/18 MP: 1/1
     2 | D:1      | Noticed a tengu
     2 | D:1      | Noticed an octopode
     4 | D:1      | Noticed a vine stalker
     4 | D:1      | Noticed a merfolk
     6 | D:1      | Noticed a gargoyle
     6 | D:1      | Noticed an elf
     8 | D:1      | Noticed a demigod
    10 | D:1      | Noticed a vampire
    10 | D:1      | Noticed a draconian
    12 | D:1      | Noticed a minotaur
    14 | D:1      | Noticed a ghoul
    14 | D:1      | Noticed a felid
    16 | D:1      | Noticed a formicid
    16 | D:1      | Noticed a demonspawn
    18 | D:1      | Noticed a centaur
    18 | D:1      | Noticed a spriggan
    20 | D:1      | Noticed a human
    22 | D:1      | Noticed an ogre
    22 | D:1      | Noticed a dwarf
    24 | D:1      | Noticed a naga
    26 | D:1      | Noticed a troll
    48 | D:1      | XOM: potion effect (berserk rage)
   212 | D:1      | XOM: divination: magic mapping
   220 | D:1      | Gained mutation: You are partially covered in large bone plates (AC +2, SH +2). [demonic ancestry]
   220 | D:1      | Reached XP level 2. HP: 12/24 MP: 2/2
   222 | D:1      | Noticed a boggart
   246 | D:1      | Slain by a boggart

Vault maps used:
D:1:      kb_arrival_jail

Action                   || total
-------------------------++-------
Melee: Falchion          ||    37
  Use: Potion            ||     1
